 Dungeon Crawl Stone Soup version 0.29-a0-322-g68df515428 (webtiles) character file.

Game seed: 14224629621455129574

49 GigaChad the Skirmisher (level 3, -2/33 HPs)
             Began as a Draconian Chaos Knight on Apr 7, 2022.
             Was an Initiate of Makhleb.
             Succumbed to an adder's poison
             ... on level 2 of the Dungeon.
             The game lasted 00:04:44 (1690 turns).

GigaChad the Skirmisher (Draconian Chaos Knight)    Turns: 1690, Time: 00:04:45

Health: -2/33      AC:  5    Str: 14    XL:     3   Next: 51%
Magic:  3/3        EV: 12    Int: 12    God:    Makhleb [......]
Gold:   84         SH:  0    Dex: 12    Spells: 2/2 levels left

rFire   . . .      SeeInvis .   a - +0 falchion (chaos)
rCold   . . .      Faith    .   (no shield)
rNeg    . . .      Spirit   .   (body armour unavailable)
rPois   .          Reflect  .   (helmet restricted)
rElec   .          Harm     .   (no cloak)
rCorr   .          Rampage  .   (no gloves)
Will    .....                   (no boots)
Stlth   +.........              (no amulet)
HPRegen 0.11/turn               (no ring)
MPRegen 0.08/turn               (no ring)

@: lethally poisoned (-2 -> -15)
A: AC +5, unfitting armour, cold-blooded
a: Renounce Religion


You were on level 2 of the Dungeon.
You worshipped Makhleb.
Makhleb was noncommittal.
You visited 1 branch of the dungeon, and saw 2 of its levels.

You collected 84 gold pieces.

Inventory:

Hand Weapons
 a - a +0 falchion of chaos (weapon)
Scrolls
 c - a scroll of immolation {unknown}
 d - 2 scrolls of enchant armour {unknown}
 f - a scroll of identify {unknown}
 g - 2 scrolls of fog {unknown}
 h - a scroll of acquirement {unknown}
Potions
 e - a potion of might {unknown}
 i - a potion of lignification {unknown}
Miscellaneous
 b - a piece from Xom's chessboard (inert) (quivered)


   Skills:
 + Level 3.8 Fighting
 + Level 3.6 Long Blades
 + Level 2.7 Dodging
 + Level 0.3 Stealth


You had 2 spell levels left.
You didn't know any spells.
Your spell library was empty.

Dungeon Overview and Level Annotations

Branches:
Dungeon (2/15)

Altars:
Makhleb
Xom


Innate Abilities, Weirdness & Mutations

Your plain brown scales are hard. (AC +5)
You cannot fit into any form of body armour.
You are cold-blooded and may be slowed by cold attacks.


Message History

You hit the adder.
The adder flickers and vanishes!
Deactivating autopickup; reactivate with Ctrl-A.
Your tail-slap misses something.
Something bites you.
You are poisoned.
Something poisons you!
You hit something.
You feel sick. Something bites you.
You are more poisoned.
Something poisons you!
An adder comes into view.
Something bites you but does no damage.
You closely miss something.
You feel sick.
The adder hisses angrily.
Something bites you.
You are more poisoned.
Something poisons you!
You miss something.
You feel very sick.
Something bites you but does no damage. x2
You miss something.
You feel very sick. The adder misses you. Something bites you.
* * * LOW HITPOINT WARNING * * *
You are lethally poisoned!
Something poisons you!
You completely miss something.
* * * LOW HITPOINT WARNING * * *
You feel very sick. The adder misses you. Something bites you.
* * * LOW HITPOINT WARNING * * *
The adder closely misses you.
You miss something.
* * * LOW HITPOINT WARNING * * *
You feel very sick. Something bites you.
* * * LOW HITPOINT WARNING * * *
You are more poisoned.
Something poisons you! The adder barely misses you.
Something barely misses you.
You miss something. You tail-slap something.
You die...

#.# #.# #.# .#
... .# #.#
##.# #.# #.#
### #{# ..#
..# #@# #.#
#.# #S# #.#
#.# #.# ..#
####.####.#
#.#
#.........#
#.#
#.##>######
.)######.##.#
......##.##..
.........#####


You could see an adder.

Vanquished Creatures
  An adder (D:2)
  A dart slug (D:1)
  A bat (D:1)
  3 endoplasms
  2 giant cockroaches (D:1)
  4 goblins
  4 hobgoblins
  4 quokkas
  5 ball pythons
  3 frilled lizards (D:1)
  2 kobolds (D:2)
  3 rats
33 creatures vanquished.

Vanquished Creatures (others)
  A fungus (D:1)
  A plant (D:1)
2 creatures vanquished.

Grand Total: 35 creatures vanquished

Notes
Turn   | Place    | Note
-------+----------+-------------------------------------------
     0 | D:1      | GigaChad the Draconian Chaos Knight began the quest for the
                  | Orb.
     0 | D:1      | Reached XP level 1. HP: 19/19 MP: 1/1
    52 | D:1      | XOM: butterfly on damage
    91 | D:1      | Found a faded altar of an unknown god.
   101 | D:1      | XOM: silly message
   305 | D:1      | Reached XP level 2. HP: 19/26 MP: 2/2
   549 | D:1      | XOM: silly message
   564 | D:1      | XOM: divination: detect creatures
   745 | D:1      | XOM: 4-stop teleportation journey
   839 | D:1      | XOM: enchant monster (good)
  1335 | D:1      | Prayed at the altar of an unknown god.
  1414 | D:2      | Reached XP level 3. HP: 30/33 MP: 3/3
  1560 | D:2      | Found a burning altar of Makhleb.
  1587 | D:2      | Fell from the grace of Xom
  1587 | D:2      | Became a worshipper of Makhleb the Destroyer
  1689 | D:2      | HP: 1/33 [something (1)]
  1690 | D:2      | Succumbed to an adder's poison

Illustrated notes

Levels and vault maps discovered:
D:1:      matt_arrival_diagonals, layout_basic,
          shapermc_ecumenical_altar_mp_ritualfount
D:2:      layout_loops_ring, basic_altar

Action                   || total
-------------------------++-------
Melee: Falchion          ||    98
       Tailslap          ||    10
Evoke: Piece from Xom's  ||    15
 Stab: Paralysed         ||     2
       Sleeping          ||     1
Armor: Skin              ||    47
Dodge: Dodged            ||   102

Table legend: (Time is in decaauts)
 A = Elapsed time spent in this place.
 B = Non-inter-level travel time spent in this place.
 C = Inter-level travel time spent in this place.
 D = Time resting spent in this place.
 E = Time spent auto-exploring this place.
 F = Levels seen in this place.
 G = Mean time per level.
                   A        B        C        D        E       F      G
               +--------+--------+--------+--------+--------+-----+--------+
         Total |   1708 |   1658 |     50 |    230 |    754 |   2 |  854.0 |
       Dungeon |   1708 |   1658 |     50 |    230 |    754 |   2 |  854.0 |
               +--------+--------+--------+--------+--------+-----+--------+

Top non-repeatable levels by time:
     D:1: 1411 daAuts
     D:2: 297 daAuts
